 Dungeon Crawl Stone Soup version 0.32-a0-612-g1c984fe9d1 (console) character file.

Game seed: 12891552394554988010

90 petzl the Sneak (level 4, -5/35 HPs)
             Began as a Formicid Delver on Mar 4, 2024.
             Slain by a centaur
             ... wielding a +2 dagger of holy wrath
              (6 damage)
             ... on level 7 of the Dungeon.
             The game lasted 00:03:30 (456 turns).

petzl the Sneak (Formicid Delver)                    Turns: 456, Time: 00:04:00

Health: -5/35      AC:  5    Str: 17    XL:     4   Next: 85%
Magic:  9/9        EV: 12    Int: 11    God:
Gold:   0          SH:  0    Dex: 15    Spells: 9/9 levels left

rFire   . . .        a - +0 mace
rCold   . . .        (no shield)
rNeg    . . .        i - +0 leather armour
rPois   .            (helmet unavailable)
rElec   .            (no cloak)
rCorr   .            g - +1 pair of gloves
SInv    +            (no boots)
Will    .....        (no amulet)
Stlth   +++          (no ring)
HPRegen 0.25/turn    (no ring)
MPRegen 0.11/turn

%: no passive effects
@: no status effects
A: permanent stasis, dig shafts and tunnels, antennae 3, four strong arms
a: Dig, Shaft Self


You were on level 7 of the Dungeon.
You visited 1 branch of the dungeon, and saw 4 of its levels.

Inventory:

Hand Weapons
 a - a +0 mace (weapon)
 b - a +0 sling
Missiles
 k - 2 javelins
Armour
 g - a +1 pair of gloves (worn)
 i - a +0 leather armour (worn)
Wands
 f - a wand of digging (3)
Scrolls
 d - a scroll of revelation
 e - a scroll of fear
 j - 2 scrolls of identify {unknown}
Potions
 h - a potion of heal wounds {unknown}
 l - a potion of curing {unknown}
 m - 3 potions of ambrosia {unknown}


   Skills:
 - Level 3.2 Fighting
 - Level 2.0 Maces & Flails
 + Level 1.8 Ranged Weapons
 - Level 1.7 Dodging
 - Level 6.0 Stealth
 + Level 3.4 Spellcasting


You had 9 spell levels left.
You didn't know any spells.
Your spell library contained the following spells:

 Spells                   Type           Power      Damage    Failure   Level
 Tukima's Dance           Hex            1%         N/A       67%         3
 Passage of Golubria      Tloc           1%         N/A       97%         4
 Yara's Violent Unravell  Hex/Alch       0%         3d3       100%        5


Dungeon Overview and Level Annotations

Branches:
Dungeon (8/15)
 Temple: D:4-7         Lair: D:8-11

Altars:
Vehumet

Annotations:
D:5 1 runed translucent door
D:8 exclusion: steam dragon


Innate Abilities, Weirdness & Mutations

You cannot be hasted, slowed, berserked, paralysed or teleported.
You can dig through walls and to a lower floor.
You have a pair of large antennae on your head. (SInv)
Your four strong arms can wield two-handed weapons with a shield.


Message History

You hit the centaur.
The centaur is lightly wounded.
The centaur hits you with a +2 dagger of holy wrath.
The centaur kicks you but does no damage.
The centaur completely misses you.
The centaur kicks you but does no damage.
You hit the centaur.
The centaur is moderately wounded.
The centaur hits you with a +2 dagger of holy wrath.
The centaur kicks you. The centaur closely misses you. The centaur kicks you.
You hit the centaur.
The centaur is heavily wounded.
The centaur hits you but does no damage.
The centaur kicks you but does no damage.
The centaur misses you. The centaur closely misses you.
You hit the centaur but do no damage.
The centaur is heavily wounded.
The centaur hits you with a +2 dagger of holy wrath.
The centaur kicks you.
The centaur hits you with a +2 dagger of holy wrath.
The centaur barely misses you.
You hit the centaur.
The centaur is severely wounded.
The centaur barely misses you.
The centaur kicks you but does no damage.
The centaur hits you but does no damage.
The centaur kicks you but does no damage.
You hit the centaur but do no damage.
The centaur is severely wounded.
The centaur hits you with a +2 dagger of holy wrath.
* * * LOW HITPOINT WARNING * * *
The centaur barely misses you.
You closely miss the centaur.
The centaur is severely wounded.
The centaur hits you with a +2 dagger of holy wrath!
* * * LOW HITPOINT WARNING * * *
The centaur kicks you.
* * * LOW HITPOINT WARNING * * *
The centaur hits you with a +2 dagger of holy wrath.
You die...

#.# #######.##
.....#...## ####......#
+## .........######.....
.###.##.....>....#
####.##.##########
.....##.# #######.# ##
#.# .# #.# ###
.######.#####... #####
.##.........# #.###...##
.##†###(###...#........#
........# .#####......#
.##.###.# .c..........#
.##.# ... .......#§§§##
.##.# ... .......##c##
.##.. .... ....... #@#
##### .## ....... #§#
.....h. #§# ....... #§#
# ####### #§# # { ####.#
# #....# # ##....# ###
..####....###### ..+
#'.............. ###
#####...######## ##.##
#.# #.# #.# #ß...ß# #.#
#####.....## #.#
...#ß.....ß# #.#
##.##.....# #.#


You could see a centaur.

Vanquished Creatures
  A bullfrog (D:7)
  An iguana (D:6)
2 creatures vanquished.

Notes
Turn   | Place    | Note
-------+----------+-------------------------------------------
     0 | D:5      | petzl the Formicid Delver began the quest for the Orb.
     0 | D:5      | Reached XP level 1. HP: 18/18 MP: 1/1
     4 | D:5      | Noticed a scorpion
    14 | D:6      | Noticed an iguana
    22 | D:6      | Killed an iguana
    23 | D:6      | Reached XP level 2. HP: 24/24 MP: 1/5
    23 | D:6      | Reached XP level 3. HP: 29/29 MP: 1/7
    63 | D:5      | Found a runed translucent door.
    73 | D:5      | You fall into a shaft and drop 3 floors!
   153 | D:7      | Noticed a bullfrog
   155 | D:7      | Noticed a centaur
   171 | D:7      | Killed a bullfrog
   172 | D:7      | Reached skill level 1 in Ranged Weapons
   172 | D:7      | Reached XP level 4. HP: 7/35 MP: 9/9
   287 | D:8      | Noticed a steam dragon
   397 | D:7      | Found a radiant altar of Vehumet.
   440 | D:7      | Noticed a black bear
   456 | D:7      | HP: 1/35 [centaur/+2 dagger of holy wrath (2)]
   456 | D:7      | Slain by a centaur

Illustrated notes

Levels and vault maps discovered:
D:5:      layout_rooms, ebering_ghost_sewer_d, minmay_door_square,
          grunt_ministairs_6, minmay_fractal_squares_diagonal_5, uniq_menkaure
D:6:      layout_basic, minmay_temple_entry_mini_moons,
          chequers_serial_rivers_marsh
D:7:      layout_loops_corners, nicolae_overflow_hidden_temple,
          mainiacjoe_overflow_24_doors, kennysheep_mini_moat, serial_shops, shop
D:8:      layout_basic, david_lair_generic, serial_rivers,
          chequers_serial_rivers_micro_c, chequers_serial_rivers_micro_e,
          chequers_serial_rivers_room_a, chequers_serial_rivers_large_a

Skill      XL: |  1  2  3 |
---------------+----------+-----
Spellcasting   | 2 3 |  3.4
Ranged Weapons | 1 |  1.8
Fighting       | |  3.2
Maces & Flails | |  2.0
Dodging        | |  1.7
Stealth        | |  6.0

Action                     |  1- 3 |  4- 6 || total
---------------------------+-------+-------++-------
  Melee: Mace              |    17 |     7 ||    24
Ability: Shaft Self        |     1 |       ||     1
    Use: Scroll            |       |     1 ||     1
 Armour: Leather armour    |    14 |    22 ||    36
  Dodge: Dodged            |    21 |    10 ||    31

Table legend: (Time is in decaauts)
 A = Elapsed time spent in this place.
 B = Non-inter-level travel time spent in this place.
 C = Inter-level travel time spent in this place.
 D = Time resting spent in this place.
 E = Time spent auto-exploring this place.
 F = Levels seen in this place.
 G = Mean time per level.
                   A        B        C        D        E       F      G
               +--------+--------+--------+--------+--------+-----+--------+
         Total |    461 |    461 |      0 |    131 |     92 |   4 |  115.2 |
       Dungeon |    461 |    461 |      0 |    131 |     92 |   4 |  115.2 |
               +--------+--------+--------+--------+--------+-----+--------+

Top non-repeatable levels by time:
     D:7: 300 daAuts
     D:8: 85 daAuts
     D:6: 46 daAuts
     D:5: 29 daAuts
